Workbook

Sheet Budget Expenditure Summary 
B4: Subrecipient: | C4: Clark County School District - SNRPDP | E4: Project Number: | F4: 23-241-02000
B6: UEI (DUNS): | C6: SRBYQ7XFBYA6 | E6: Project Title: | F6: SNRPDP
B7: Vendor Number: | C7: T40231800 | E7: FISCAL YEAR | F7: 2027
F9: NDE Use Only
B10: Federal/State Project Title: | E10: Budget Code: | F10: 2618
C11: SNRPDP | E11: Category | F11: 11
B12: Check one below: | E12: GL: | F12: 8603
B13: Budget: | E13: CAN Number:
B14: Amendment: | C14: 4
E15: Job Number: | F15: STATE
B18: OBJECT | C18: DESCRIPTION | D18: INSTRUCTION | E18: SUPPORT | F18: TOTAL
B20: 100 | C20: Salaries | D20: 0 | E20: ='Support Services'!G29 -> 3979899.5 | F20: =SUM(D20+E20) -> 3979899.5
B21: 200 | C21: Benefits | D21: 0 | E21: ='Support Services'!G64 -> 1867626 | F21: =SUM(D21+E21) -> 1867626
B22: 300 | C22: Purchased Professional Services | D22: 0 | E22: ='Support Services'!G112 -> 1941624.1 | F22: =SUM(D22+E22) -> 1941624.1
B23: 400 | C23: Purchased Property Services | D23: 0 | E23: ='Support Services'!G124 -> 500 | F23: =SUM(D23+E23) -> 500
B24: 500 | C24: 510 Student Travel Services | D24: 0 | E24: ='Support Services'!G128 -> 0
C25: 580 Travel | D25: 0 | E25: ='Support Services'!G152 -> 147600
C26: 500 Other | D26: 0 | E26: ='Support Services'!G134+'Support Services'!G138+'Support Services'!G141+'Support Services'!G145+'Support Services'!G155+'Support Services'!G159 -> 16927.9
C27: Total 500 | D27: =SUM(D24:D26) -> 0 | E27: =SUM(E24:E26) -> 164527.9 | F27: =SUM(D27+E27) -> 164527.9
B28: 600 | C28: 610 Supplies - Non-IT Related of Lower Value | D28: 0 | E28: ='Support Services'!G173 -> 15585.4
C29: 612 Supplies - Non-IT Related of Higher Value | D29: 0 | E29: ='Support Services'!G177 -> 0
C30: 640 Books and Periodicals | D30: 0 | E30: ='Support Services'!G182 -> 30000
C31: 641 Textbooks | D31: 0 | E31: ='Support Services'!G187 -> 0
C32: 650 Supplies - IT of Lower Value (<1 year of life) | D32: 0 | E32: ='Support Services'!G192 -> 2500
C33: 651 Software | D33: 0
C34: 652 Supplies - IT Related of Higher Value | D34: 0 | E34: ='Support Services'!G196 -> 2700
C35: 653 Web-based and Similar Programs | D35: 0 | E35: ='Support Services'!G201 -> 36686
C36: 654 Supplies - IT of Lower Value (>1 year of life) | D36: 0 | E36: ='Support Services'!G207 -> 10665.07
C37: Total 600 | D37: =SUM(D28:D36) -> 0 | E37: =SUM(E28:E36) -> 98136.47 | F37: =SUM(D37+E37) -> 98136.47
B38: 800 | C38: 810 Dues and Fees | D38: 0 | E38: ='Support Services'!G228 -> 8500
C39: 890 Other Miscellaneous | D39: 0 | E39: ='Support Services'!G233 -> 0
C40: 800 Other | D40: 0 | E40: ='Support Services'!G238 -> 0
C41: Total 800 | D41: =SUM(D38:D40) -> 0 | E41: =SUM(E38:E40) -> 8500 | F41: =SUM(D41+E41) -> 8500
B42: Subtotal 100 - 600 & 800 | D42: 0 | E42: =SUM(E20+E21+E22+E23+E27+E37+E41) -> 8060814 | F42: =SUM(F20:F41) -> 8060814
B43: Indirect Cost | C43: Approved Rate: % | D43: 0 | E43: 0 | F43: =SUM(D43:E43) -> 0
B44: 700 | C44: 730 Equipment: over $5,000 each | D44: 0 | E44: 0
C45: 700 Other | D45: 0 | E45: 0
C46: Total 700 | D46: =SUM(D44:D45) -> 0 | E46: =SUM(E44:E45) -> 0 | F46: =SUM(D46+E46) -> 0
B47: 900 Other | C47: 900 Other | D47: 0 | E47: 0
C48: Total 900 | D48: =SUM(D47) -> 0 | E48: =SUM(E47) -> 0 | F48: =SUM(D48+E48) -> 0
B49: TOTAL | D49: =D42+D43+D46+D48 -> 0 | E49: =E42+E43+E46+E48 -> 8060814 | F49: =F42+F43+F46+F48 -> 8060814
B52: Signature: | E52: Date
C53: Signature of Authorized Sub-grantee Representative
B55: Name/Title:
C56: Print Name and Title of Authorized Sub-grantee Representative
B58: * All Items of Value must be itemized on the Budget Detail. | D58: DEPARTMENT OF EDUCATION USE ONLY
B60: ** Indirect Cost Rates must be approved by the NV Department of Education | D60: ______________________ | F60: _________________
B61: (NDE) before the sub-grantee may budget for and charge those costs | D61: Program Staff Initial | F61: Date Approved
B62: to the grant. Indirect cost is allowed for Federal Grant Awards only. | D62: ______________________ | F62: _________________
D63: Grant Unit Staff Initial | F63: Date Approved
B64: *** Expenditures cannot exceed approved budget in any object code. Any changes to object code budget have to be approved by NDE prior to funds
B65: being incurred. NDE reserves the right to deny reimbursement for any amount exceeding previously approved budget for each object code .

Sheet Instruction 
A2: Subrecipient: | B2: ='Budget Expenditure Summary '!C4 -> Clark County School District - SNRPDP | F2: Project No:
A3: Project Title: | B3: ='Budget Expenditure Summary '!C11 -> SNRPDP | F3: Fiscal Year: | G3: ='Budget Expenditure Summary '!F7 -> 2027
A6: A | B6: B | C6: C | D6: D | E6: E | F6: F
A7: Object Code | B7: Title of Position or Description of Item | C7: FTE | D7: Quantity | E7: Unit Amount/ Calculations | F7: Total Amount | G7: Budget Summary Object Total
A8: 100 | B8: PERSONNEL:
B10: Certified Teachers, Traditional | F10: =SUM(C10*D10*E10) -> 0
B11: Certified Teachers, Yr Round | F11: =SUM(C11*D11*E11) -> 0
B12: Substitutes | F12: =SUM(C12*D12*E12) -> 0
B13: Classified | F13: =SUM(C13*D13*E13) -> 0
B14: Assistants | F14: =SUM(C14*D14*E14) -> 0
B15: Aides | F15: =SUM(C15*D15*E15) -> 0
B16: Extra Duty Stipends: one-time | F16: =SUM(C16*D16*E16) -> 0
B17: Training Stipends | F17: =SUM(C17*D17*E17) -> 0
B18: Certified Instructor Stipends | F18: =SUM(C18*D18*E18) -> 0
B19: Certified Hourly Pay | F19: =SUM(C19*D19*E19) -> 0
B24: NARRATIVE:
E29: 100 TOTAL | G29: =SUM(F10:F19) -> 0
A30: 200 | B30: BENEFITS:
B32: Group Insurance | F32: =SUM(C32*D32*E32) -> 0
B33: Life Insurance: Cert / Class | F33: =SUM(C33*D33*E33) -> 0
B34: Life Insurance: Admin / Pro | F34: =SUM(C34*D34*E34) -> 0
B35: Long Term Disab: Admin / Pro | F35: =SUM(C35*D35*E35) -> 0
B36: FICA | F36: =SUM(C36*D36*E36) -> 0
B37: PERS | F37: =SUM(C37*D37*E37) -> 0
B38: Medicare | F38: =SUM(C38*D38*E38) -> 0
B39: Workers Compensation | F39: =SUM(C39*D39*E39) -> 0
B40: Other Post Emp Benefits | F40: =SUM(C40*D40*E40) -> 0
B41: Post Employment Benefits | F41: =SUM(C41*D41*E41) -> 0
B43: NARRATIVE:
B45: Standard fringe benefits rates.
E47: 200 TOTAL | G47: =SUM(F32:F41) -> 0
A48: 300 | B48: PURCHASED PROF. SERVICES:
A50: 320 | B50: Educational Consultants | F50: =SUM(C50*D50*E50) -> 0
F51: =SUM(C51*D51*E51) -> 0
F52: =SUM(C52*D52*E52) -> 0
F53: =SUM(C53*D53*E53) -> 0
A55: 330 | B55: Employee Training & Develop | F55: =SUM(C55*D55*E55) -> 0
A56: 340 | B56: Other Professional Services | F56: =SUM(C56*D56*E56) -> 0
F57: =SUM(C57*D57*E57) -> 0
F58: =SUM(C58*D58*E58) -> 0
B59: NARRATIVE:
E63: 300 TOTAL | G63: =SUM(F50:F58) -> 0
A64: 400 | B64: PURCHASED PROP. SERVICES:
A66: 410 | B66: Utility Services | F66: =SUM(D66*E66) -> 0
A67: 430 | B67: Repairs and Maintenance | F67: =SUM(D67*E67) -> 0
A68: 441 | B68: Rental Land and Buildings | F68: =SUM(D68*E68) -> 0
A69: 450 | B69: Renovating and Remodeling | F69: =SUM(D69*E69) -> 0
B70: NARRATIVE:
E76: 400 TOTAL | G76: =SUM(F66:F69) -> 0
A77: 500 | B77: OTHER PURCHASED SERVICES:
A79: 510 | B79: Student Transportation | F79: =SUM(D79*E79) -> 0
F80: =SUM(D80*E80) -> 0
F81: =SUM(D81*E81) -> 0 | G81: =SUM(F77:F81) -> 0
A83: 519 | B83: Student Travel & Related | F83: =SUM(D83*E83) -> 0
F84: =SUM(D84*E84) -> 0
F85: =SUM(D85*E85) -> 0 | G85: =SUM(F83:F85) -> 0
A87: 531 | B87: Postage | F87: =SUM(D87*E87) -> 0
F88: =SUM(D88*E88) -> 0
F89: =SUM(D89*E89) -> 0 | G89: =SUM(F87:F89) -> 0
A91: 534 | B91: Cell Phone | F91: =SUM(D91*E91) -> 0
F92: =SUM(D92*E92) -> 0
F93: =SUM(D93*E93) -> 0 | G93: =SUM(F91:F93) -> 0
A95: 550 | B95: Printing | F95: =SUM(D95*E95) -> 0
F96: =SUM(D96*E96) -> 0
F97: =SUM(D97*E97) -> 0 | G97: =SUM(F95:F97) -> 0
A99: 560 | B99: Student Tuition | F99: =SUM(D99*E99) -> 0
F100: =SUM(D100*E100) -> 0
F101: =SUM(D101*E101) -> 0 | G101: =SUM(F99:F101) -> 0
A103: 580 | B103: Staff Travel | F103: =SUM(D103*E103) -> 0
F104: =SUM(D104*E104) -> 0
F105: =SUM(D105*E105) -> 0 | G105: =SUM(F103:F105) -> 0
A107: 589 | B107: Non-Staff Travel | F107: =SUM(D107*E107) -> 0
F108: =SUM(D108*E108) -> 0
F109: =SUM(D109*E109) -> 0 | G109: =SUM(F107:F109) -> 0
A111: 500 Other | B111: Insert Object & Description | F111: =SUM(D111*E111) -> 0
F112: =SUM(D112*E112) -> 0
F113: =SUM(D113*E113) -> 0
F114: =SUM(D114*E114) -> 0
F115: =SUM(D115*E115) -> 0
F116: =SUM(D116*E116) -> 0
G117: =SUM(F111:F116) -> 0
B118: NARRATIVE:
E122: 500 TOTAL | G122: =SUM(G77:G121) -> 0
A123: 600 | B123: SUPPLIES:
A125: 610 | B125: General Supplies | F125: =SUM(D125*E125) -> 0
F126: =SUM(D126*E126) -> 0
F127: =SUM(D127*E127) -> 0 | G127: =SUM(F125:F127) -> 0
A129: 612 | B129: Non Info Tech Inventory Items | F129: =SUM(D129*E129) -> 0
F130: =SUM(D130*E130) -> 0
F131: =SUM(D131*E131) -> 0 | G131: =SUM(F129:F131) -> 0
A133: 640 | B133: Books and Periodicals | F133: =SUM(D133*E133) -> 0
F134: =SUM(D134*E134) -> 0
F135: =SUM(D135*E135) -> 0
F136: =SUM(D136*E136) -> 0 | G136: =SUM(F133:F136) -> 0
A138: 641 | B138: Textbooks | F138: =SUM(D138*E138) -> 0
F139: =SUM(D139*E139) -> 0
F140: =SUM(D140*E140) -> 0
F141: =SUM(D141*E141) -> 0 | G141: =SUM(F138:F141) -> 0
A143: 650 | B143: Supplies-Information Technology | F143: =SUM(D143*E143) -> 0
F144: =SUM(D144*E144) -> 0
...

Sheet Support Services
A2: Subrecipient: | B2: ='Budget Expenditure Summary '!C4 -> Clark County School District - SNRPDP | F2: Project No: | G2: ='Budget Expenditure Summary '!F4 -> 23-241-02000
A3: Project Title | B3: ='Budget Expenditure Summary '!C11 -> SNRPDP | F3: Fiscal Year: | G3: ='Budget Expenditure Summary '!F7 -> 2027
A6: A | B6: B | C6: C | D6: D | E6: E | F6: F
A7: Object Code | B7: Title of Position or Description of Item | C7: FTE | D7: Quantity | E7: Unit Amount/ Calculations | F7: Total Amount | G7: Budget Summary Object Total
A8: 100 | B8: PERSONNEL:
B10: Certified Teachers, Traditional FY26 | C10: 1 | D10: 15.25 | E10: 106581 | F10: =ROUNDUP((C10*D10*E10),2) -> 1625360.2
B11: Certified Teachers, Traditional FY27 | C11: 1 | D11: 15 | E11: 110845 | F11: =ROUNDUP((C11*D11*E11),2) -> 1662675
B12: Certified Teachers, Yr Round FY26 | C12: 1 | D12: 1 | E12: 136374.09 | F12: =ROUNDUP((C12*D12*E12),2) -> 136374.09
B13: Certified Teachers, Yr Round FY27 | C13: 1 | D13: 1 | E13: 138401 | F13: =ROUNDUP((C13*D13*E13),2) -> 138401
B14: Classified Support Staff FY26 | C14: 1 | D14: 1 | E14: 74879 | F14: =ROUNDUP((C14*D14*E14),2) -> 74879
B15: Classified Support Staff FY27 | C15: 1 | D15: 1.2 | E15: 75459 | F15: =ROUNDUP((C15*D15*E15),2) -> 90550.8
B16: Support - Overtime | C16: 2 | D16: 4 | E16: 250 | F16: =ROUNDUP((C16*D16*E16),2) -> 2000
B17: Administrator FY26 | C17: 1 | D17: 0.2 | E17: 116592 | F17: =ROUNDUP((C17*D17*E17),2) -> 23318.4
B18: Administrator FY27 | C18: 1 | D18: 0.09 | E18: 124900 | F18: =ROUNDUP((C18*D18*E18),2) -> 11241
B19: Extra Duty Hourly Pay | C19: 1 | D19: 4200 | E19: 50 | F19: =ROUNDUP((C19*D19*E19),2) -> 210000
B20: Substitutes | C20: 1 | D20: 30 | E20: 170 | F20: =ROUNDUP((C20*D20*E20),2) -> 5100
B23: NARRATIVE:
B24: OC100 - Salaries for certified, classified support staff (1.2), and 1 part-time administrator based on negotiated agreements with the fiscal agent. Estimates include rounding.
B25: OC100 - Support Staff Overtime is offered to classified staff for services provided (custodial, technical, clerical, etc) at professional learning events.
B26: OC100 - Extra Duty Hourly Pay is offered to certified staff for professional learning outside of contract hours.
B27: OC100 - Substitutes are used in the CCSD to cover licensed teachers during the school day to attend RPDP trainings.
E29: 100 TOTAL | G29: =SUM(F10:F20) -> 3979899.5
A30: 200 | B30: BENEFITS:
B32: Group Insurance (EGI)_ License FY26 | C32: 1 | D32: 16.25 | E32: 10790.52 | F32: =ROUNDUP((E32*C32*D32),2) -> 175345.95
B33: Group Insurance (EGI)_ License FY27 | C33: 1 | D33: 16 | E33: 11437.92 | F33: =ROUNDUP((E33*C33*D33),2) -> 183006.72
B34: Group Insurance (EGI)_ Support FY26 | C34: 1 | D34: 1 | E34: 9963.98 | F34: =ROUNDUP((E34*C34*D34),2) -> 9963.98
B35: Group Insurance (EGI)_ Support FY27 | C35: 1.2 | D35: 1 | E35: 9964.08 | F35: =ROUNDUP((E35*C35*D35),2) -> 11956.9
B36: Group Insurance (EGI)_ Admin FY26 | C36: 0.2 | D36: 1 | E36: 13094.76 | F36: =ROUNDUP((E36*C36*D36),2) -> 2618.96
B37: Group Insurance (EGI)_ Admin FY27 | C37: 0.1 | D37: 1 | E37: 14404.2 | F37: =ROUNDUP((E37*C37*D37),2) -> 1440.42
B38: Long Term Disab: Admin / Pro | F38: =ROUNDUP((E38*C38*D38),2) -> 0
B39: FICA | C39: 1 | D39: 0.0765 | E39: =F20 -> 5100 | F39: =ROUNDUP((E39*C39*D39),2) -> 390.15
B40: PERS _ License | C40: 1 | D40: 0.3675 | E40: =F10+F11+F12+F13 -> 3562810.3 | F40: =ROUNDUP((E40*C40*D40),2) -> 1309332.8
B41: PERS _Support | C41: 1 | D41: 0.3675 | E41: =F14+F15 -> 165429.8 | F41: =ROUNDUP((E41*C41*D41),2) -> 60795.46
B42: PERS_ Admin | C42: 1 | D42: 0.3675 | E42: =F17+F18 -> 34559.4 | F42: =ROUNDUP((E42*C42*D42),2) -> 12700.58
B43: Medicare_License | C43: 1 | D43: 0.0145 | E43: =F10+F11+F12+F13 -> 3562810.3 | F43: =ROUNDUP((E43*C43*D43),2) -> 51660.75
B44: Medicare_Support | C44: 1 | D44: 0.0145 | E44: =F14+F15 -> 165429.8 | F44: =ROUNDUP((E44*C44*D44),2) -> 2398.74
B45: Medicare_Admin | C45: 1 | D45: 0.0145 | E45: =F17+F18 -> 34559.4 | F45: =ROUNDUP((E45*C45*D45),2) -> 501.12
B46: Medicare_Extra Duty | C46: 1 | D46: 0.0145 | E46: =F19 -> 210000 | F46: =ROUNDUP((E46*C46*D46),2) -> 3045
B47: Workers Compensation (OIM)_License | C47: 1 | D47: 0.0085 | E47: =F10+F11+F12+F13 -> 3562810.3 | F47: =ROUNDUP((E47*C47*D47),2) -> 30283.89
B48: Workers Compensation (OIM)_Support | C48: 1 | D48: 0.0085 | E48: =F14+F15 -> 165429.8 | F48: =ROUNDUP((E48*C48*D48),2) -> 1406.16
B49: Workers Compensation (OIM)_Admin | C49: 1 | D49: 0.0085 | E49: =F17+F18 -> 34559.4 | F49: =ROUNDUP((E49*C49*D49),2) -> 293.76
B50: Workers Compensation (OIM)_Subs | C50: 1 | D50: 0.0085 | E50: =F20 -> 5100 | F50: =ROUNDUP((E50*C50*D50),2) -> 43.35
B51: Workers Compensation (OIM)_Extra Duty | C51: 1 | D51: 0.0085 | E51: =F19 -> 210000 | F51: =ROUNDUP((E51*C51*D51),2) -> 1785
B52: Vacation Accrual FY26 | C52: 1 | D52: 1 | E52: 3167.32 | F52: =ROUNDUP((E52*C52*D52),2) -> 3167.32
B53: Vacation Accrual FY27 | C53: 1 | D53: 1 | E53: 3500 | F53: =ROUNDUP((E53*C53*D53),2) -> 3500
B54: Unemployment (SUI)_License | C54: 1 | D54: 0.0005 | E54: =F10+F11+F12+F13 -> 3562810.3 | F54: =ROUNDUP((E54*C54*D54),2) -> 1781.41
B55: Unemployment (SUI)_Support | C55: 1 | D55: 0.0005 | E55: =F14+F15 -> 165429.8 | F55: =ROUNDUP((E55*C55*D55),2) -> 82.72
B56: Unemployment (SUI)_Admin | C56: 1 | D56: 0.0005 | E56: =F17+F18 -> 34559.4 | F56: =ROUNDUP((E56*C56*D56),2) -> 17.28
B57: Unemployment (SUI)_Subs | C57: 1 | D57: 0.0005 | E57: =F20 -> 5100 | F57: =ROUNDUP((E57*C57*D57),2) -> 2.55
B58: Unemployment (SUI)_Extra Duty | C58: 1 | D58: 0.0005 | E58: =F19 -> 210000 | F58: =ROUNDUP((E58*C58*D58),2) -> 105
B60: NARRATIVE:
B61: OC200 - Salary fringe benefits calculated using the Fringe Rate Distribution memo from the Clark County School District.
B62: OC200 - Vacation Accrual - Vacation buyback for support staff and administrator based on negotiated agreements with the fiscal agent.
E64: 200 TOTAL | G64: =SUM(F32:F58) -> 1867626
A65: 300 | B65: PURCHASED PROF. SERVICES:
A67: 330 | B67: Educational Consultants
B68: Think Math Consulting FY26 | C68: 1 | D68: 1 | E68: 90000 | F68: =ROUNDUP((E68*C68*D68),2) -> 90000
B69: Think Math Consulting FY27 | C69: 1 | D69: 1 | E69: 85000 | F69: =ROUNDUP((E69*C69*D69),2) -> 85000
B70: Crimson Consulting FY26 | C70: 1 | D70: 1 | E70: 35000 | F70: =ROUNDUP((E70*C70*D70),2) -> 35000
B71: Crimson Consulting FY27 | C71: 1 | D71: 1 | E71: 23000 | F71: =ROUNDUP((E71*C71*D71),2) -> 23000
B72: QLQS Administrative Consultant FY26 | C72: 1 | D72: 1 | E72: 90000 | F72: =ROUNDUP((E72*C72*D72),2) -> 90000
B73: QLQS Administrative Consultant FY27 | C73: 1 | D73: 1 | E73: 90000 | F73: =ROUNDUP((E73*C73*D73),2) -> 90000
B74: KAK Administrative Consulting FY26 | C74: 1 | D74: 1 | E74: 95000 | F74: =ROUNDUP((E74*C74*D74),2) -> 95000
B75: KAK Administrative Consulting FY27 | C75: 1 | D75: 1 | E75: 97000 | F75: =ROUNDUP((E75*C75*D75),2) -> 97000
B76: LasleyED, LLC Consulting FY26 | C76: 1 | D76: 1 | E76: 53000 | F76: =ROUNDUP((E76*C76*D76),2) -> 53000
B77: LasleyED, LLC Consulting FY27 | C77: 1 | D77: 1 | E77: 40000 | F77: =ROUNDUP((E77*C77*D77),2) -> 40000
B78: Equity Math LLC FY26 | C78: 1 | D78: 1 | E78: 40000 | F78: =ROUNDUP((E78*C78*D78),2) -> 40000
B79: Equity Math LLC FY27 | C79: 1 | D79: 1 | E79: 45000 | F79: =ROUNDUP((E79*C79*D79),2) -> 45000
... B97: UNLV | C97: 2 | D97: 1 | E97: 9900 | F97: =ROUNDUP((E97*C97*D97),2) -> 19800
A99: 330 | B99: Employee Training & Develop | C99: 10 | D99: 1 | E99: 550 | F99: =ROUNDUP((E99*C99*D99),2) -> 5500
F100: =ROUNDUP((E100*C100*D100),2) -> 0
F101: =ROUNDUP((E101*C101*D101),2) -> 0
F102: =ROUNDUP((E102*C102*D102),2) -> 0
B104: NARRATIVE:
B105: OC330 - Education consultants are used to support administrative, mathematics, multicultural education, ELA training for teachers and administrators, and NEPF administrator certification. Education consutants include: Think Math Consulting, QLQS Consulting, KAK Consulting, Crimson Consulting, LasleyED Consulting, Equity Math Consulting, MMS Consulting, ES/MS Math Consultant(s), and ABJ Consultants. Education consultants are contracted to design and deliver professional development to educators in-person and/or virtually.
B106: OC330 - Regional school district support is to cover outlying counties within the SNRPDP area of service for their internal professional development expenses and RPDP staff. This includes Nye, Mineral, Esmeralda, and Lincoln counties. One NWRPDP (Washoe County School District) part-time trainer will provide support for ELAD courses run through the SNRPDP.
B107: OC330 - Conference Speaker(s) for an administrator training event in partnership with the Leadership Institute of Nevada (LION) in FY26 and additional speakers to be used for planned events in FY27.
B108: OC330 - UNLV yearly agreement for university costs to run RPDP courses for university graduate credit, registration processing, course scheduling, and application review.
B109: OC330 - Employee Training & Development - This funding is used to pay for professional learning registration fees and conference fees related to adult staff training. Possible conferences and/or professional learning may include: NCTM, FETC, NCCE, WIDA, and/or NAME conferences, and other licensed and administrator conference registrations that address state needs.
E112: 300 TOTAL | G112: =SUM(F68:F102) -> 1941624.1
A113: 400 | B113: PURCHASED PROP. SERVICES:
A115: 432 | B115: Technology-Related Repair & Maint. | D115: 1 | E115: 500 | F115: =ROUNDUP((E115*D115),2) -> 500
F116: =ROUNDUP((E116*D116),2) -> 0
F117: =ROUNDUP((E117*D117),2) -> 0
F118: =ROUNDUP((E118*D118),2) -> 0
B120: NARRATIVE:
B121: Maintenance and repair of AIS copy machines.
E124: 400 TOTAL | G124: =SUM(F115:F118) -> 500
A125: 500 | B125: OTHER PURCHASED SERVICES:
A127: 510 | B127: Student Transportation | F127: =(E127*D127) -> 0
F128: =(E128*D128) -> 0 | G128: =SUM(F127:F128) -> 0
A130: 530 | B130: Communication FY26 | D130: 4 | E130: 512 | F130: =ROUNDUP((E130*D130),2) -> 2048
B131: Communication FY27 | D131: 4 | E131: 485 | F131: =ROUNDUP((E131*D131),2) -> 1940
B132: Zoom Account FY26 | D132: 1 | E132: 219.9 | F132: =ROUNDUP((E132*D132),2) -> 219.9
B133: Zoom Account FY27 | D133: 1 | E133: 220 | F133: =ROUNDUP((E133*D133),2) -> 220
B134: Website Domain Name & Hosting | D134: 1 | E134: 200 | F134: =ROUNDUP((E134*D134),2) -> 200 | G134: =SUM(F130:F134) -> 4627.9
A136: 531 | B136: Postage | D136: 1 | E136: 2300 | F136: =ROUNDUP((E136*D136),2) -> 2300
F137: =(E137*D137) -> 0
F138: =(E138*D138) -> 0 | G138: =SUM(F136:F138) -> 2300
A140: 534 | B140: Cell Phone | F140: =(E140*D140) -> 0
...
